 Dungeon Crawl Stone Soup version 0.27-a0-457-gba82baf56e (webtiles) character file.

Game seed: 1349037084452348243

28296 Venetas the Geomancer (level 13, 0/79 HPs)
             Began as a Gargoyle Earth Elementalist on Feb 28, 2021.
             Was a High Priest of Vehumet.
             Killed from afar by a catoblepas (6 damage)
             ... with a blast of calcifying dust
             ... on level 13 of the Dungeon.
             The game lasted 00:41:05 (19373 turns).

Venetas the Geomancer (GrEE)                       Turns: 19373, Time: 00:41:06

Health: 0/79       AC: 20    Str: 13    XL:     13   Next: 37%
Magic:  0/25       EV: 16    Int: 20    God:    Vehumet [*****.]
Gold:   951        SH:  0    Dex: 16    Spells: 13/29 levels left

rFire    + + .     SeeInvis .   o - +2 falchion (elec)
rCold    + . .     Faith    .   (no shield)
rNeg     + . .     Spirit   .   H - +3 leather armour of Ru's Indignation {rF+ rC+ Dex+6}
rPois    ∞         Reflect  .   O - +1 hat
rElec    +         Harm     .   (no cloak)
rCorr    .         Rampage  .   (no gloves)
Will     .....     Rnd*Rage +   G - +2 pair of boots
Stlth    ++........             L - amulet "Uczuomou" {rF+ Regen+ Slay+3}
HPRegen  1.23/turn              (no ring)
MPRegen  0.19/turn              (no ring)

@: berserk cooldown, slowed, very slow
A: antennae 1, berserk 1, negative energy resistance 1, electricity resistance,
unbreathing, petrification resistance, miasma immunity, AC +9
a: Renounce Religion


You were on level 13 of the Dungeon.
You worshipped Vehumet.
Vehumet was extremely pleased with you.
You visited 2 branches of the dungeon, and saw 14 of its levels.
You also visited: Ossuary and Gauntlet.

You collected 951 gold pieces.

Inventory:

Hand Weapons
 j - a +4 morningstar of freezing
 o - a +2 falchion of electrocution (weapon)
 M - the +8 frozen axe "Frostbite" {freezing cloud, *Noise +Fly rC+}
   (You found it in a Gauntlet)

   It has been specially enchanted to freeze those struck by it, causing extra
   injury to most foes and up to half again as much damage against particularly
   susceptible opponents.
   It can also slow down cold-blooded creatures.
   It protects you from cold.
   It lets you fly.
   It may make noises in combat.
Missiles
 b - 293 stones
 l - a throwing net
Armour
 C - a +1 robe of the Archmagi
 G - a +2 pair of boots (worn)
 H - the +3 leather armour of Ru's Indignation (worn) {rF+ rC+ Dex+6}
   (You found it on level 10 of the Dungeon)

   It affects your dexterity (+6).
   It protects you from fire.
   It protects you from cold.
 O - a +1 hat (worn)
Jewellery
 a - a ring of ice
 z - the ring "Nitsirr" {rElec rC- MP+9 Dex+3 SInv}
   (You took it off a minotaur in a Gauntlet)

   [ring of magical power]

   It affects your dexterity (+3).
   It makes you vulnerable to cold.
   It insulates you from electricity.
   It affects your magic capacity (+9).
   It lets you see invisible.
 B - a ring of protection from cold
 K - a ring of willpower
 L - the amulet "Uczuomou" (around neck) {rF+ Regen+ Slay+3}
   (You found it in a Gauntlet)

   [amulet of regeneration]

   It affects your accuracy and damage with ranged weapons and melee attacks
   (+3).
   It protects you from fire.
   It increases your rate of regeneration.
Wands
 u - a wand of acid (5)
 w - a wand of digging (6)
 x - a wand of polymorph (9)
 D - a wand of random effects (28)
 E - a wand of paralysis (2)
 I - a wand of mindburst (28)
 N - a wand of charming (10)
Scrolls
 c - 2 scrolls of identify
 m - 9 scrolls of teleportation
 n - 3 scrolls of amnesia
 r - 2 scrolls of enchant weapon
 t - 3 scrolls of fear
 v - a scroll of immolation
 y - 2 scrolls of fog
 F - 2 scrolls of blinking
 J - a scroll of magic mapping
Potions
 d - 8 potions of curing
 e - 4 potions of flight
 f - 5 potions of might
 g - 3 potions of ambrosia
 h - 2 potions of attraction
 i - 2 potions of resistance
 p - 2 potions of brilliance
 q - 2 potions of haste
 s - 2 potions of magic
 A - 3 potions of lignification


   Skills:
 + Level 8.7 Fighting
 + Level 8.0 Maces & Flails
 - Level 6.0 Armour
 + Level 6.8 Dodging
 - Level 2.1 Stealth
 + Level 8.9 Spellcasting
 + Level 9.9 Conjurations
 - Level 0.7 Transmutations
 + Level 11.6 Earth Magic
 + Level 5.0 Evocations


You had 13 spell levels left.
You knew the following spells:

 Your Spells              Type           Power        Failure   Level
a - Sandblast             Erth           100%         1%          1
b - Stone Arrow           Conj/Erth      100%         1%          3
c - Lee's Rapid Deconstr  Erth           26%          1%          5
d - Orb of Destruction    Conj           24%          32%         7

Your spell library contained the following spells:

 Spells                   Type           Power        Failure   Level
 Sticky Flame             Conj/Fire      28%          3%          4
 Magic Dart               Conj           100%         1%          1
 Passwall                 Tmut/Erth      27%          1%          2
 Searing Ray              Conj           96%          1%          2
 Dazzling Flash           Conj/Hex       56%          1%          3
 Fulminant Prism          Conj/Hex       14%          3%          4
 Iskenderun's Mystic Bla  Conj/Tloc      28%          3%          4
 Beastly Appendage        Tmut           22%          7%          1
 Petrify                  Tmut/Erth      33%          8%          4
 Animate Skeleton         Necr           16%          10%         1
 Apportation              Tloc           16%          10%         1
 Corona                   Hex            8%           10%         1
 Summon Small Mammal      Summ           32%          10%         1
 Wereblood                Tmut           11%          11%         2
 Spider Form              Tmut/Pois      5%           24%         3
 Lesser Beckoning         Tloc           4%           28%         3
 Tukima's Dance           Hex            8%           28%         3
 Ice Form                 Ice/Tmut       10%          63%         4
 Blade Hands              Tmut           5%           89%         5
 Alistair's Intoxication  Tmut/Pois      6%           92%         5
 Invisibility             Hex            8%           100%        6


Dungeon Overview and Level Annotations

Branches:
Dungeon (13/15)            Temple (1/1) D:4            Lair (0/6) D:9
    Orc (0/2) D:9         Ossuary (visited)         Gauntlet (visited)
 Vaults: D:13-14

Altars:
Ashenzari
Cheibriados
Dithmenos
Elyvilon
Fedhas
Gozag
Hepliaklqana
Kikubaaqudgha
Makhleb
Nemelex Xobeh
Okawaru
Qazlal
Ru
Trog
Uskayaw
Vehumet
Wu Jian
Xom
Yredelemnul
Zin
The Shining One

Annotations:
D:8 2 transporters, Sickboy's ghost, novice MiFi


Innate Abilities, Weirdness & Mutations

You are resistant to torment.
Your stone body is resilient. (AC +9)
You are immune to poison.
You resist negative energy. (rN+)
You are resistant to electric shocks. (rElec)
You can survive without breathing.
You are immune to petrification.
You are immune to miasma.
You have a pair of small antennae on your head.
You tend to lose your temper in combat.


Message History

Confirm with . or Enter, or press ? or * to list all spells.
You don't have enough magic to cast this spell.
Unknown command.
You hit the catoblepas but do no damage.
The catoblepas is severely wounded.
The catoblepas gores you!!
* * * LOW HITPOINT WARNING * * *
The catoblepas gores you.
* * * LOW HITPOINT WARNING * * *
You barely miss the catoblepas.
The catoblepas is severely wounded.
The catoblepas gores you.
* * * LOW HITPOINT WARNING * * *
The catoblepas breathes a plume of calcifying dust at you.
The blast of calcifying dust hits you but does no damage.
Unknown command.
Casting: Stone Arrow (safe; 1% risk of failure)
Confirm with . or Enter, or press ? or * to list all spells.
Aiming: Sandblast (safe; 1% risk of failure)
Press: ? - help, Shift-Dir - straight line, f/p - catoblepas
Aim: a catoblepas (severely wounded, 0% to evade)
The blast of sand hits the catoblepas!
The catoblepas is almost dead.
The catoblepas misses you. The catoblepas gores you!
* * * LOW HITPOINT WARNING * * *
You feel much better.
The catoblepas breathes in.
The catoblepas gores you!!
* * * LOW HITPOINT WARNING * * *
Unknown command.
Casting: Sandblast (safe; 1% risk of failure)
Confirm with . or Enter, or press ? or * to list all spells.
Aiming: Sandblast (safe; 1% risk of failure)
Press: ? - help, Shift-Dir - straight line, f/p - catoblepas
Aim: a catoblepas (almost dead, 0% to evade)
The blast of sand hits the catoblepas!
The catoblepas is almost dead.
The catoblepas breathes a plume of calcifying dust at you.
The blast of calcifying dust hits you.
You die...

,,*****,,,,,,,,,,,,,,,,,,,,,*,,,#
,,,,,,,,,,,,.......,,,,,,,,,*,,,#
,,,,,,,,,,,,,.....,,,,,,,,,,*,,,#
*******,*****#....,,,,,,,,,.#####
,,,,,,*,* #....,,,,,,,,,..^...
,,,,,,*,* #...#***+**,,,......
,,,,,,*,* #...#,,,,,*,,,......
,,,,,,*,* #..Y#,,,,,*,,,......
,,,,,,*,* #..@#,,,,,*.........
,,,,,,*,* #...#,,,,,*...###+##
,,,,***,* #...#,,,,,#...#,,,,,
,,,,*,,,* #...#######...#,,,,,
,,,,*,,,* #.............##,,,,
*****,,,***###..............#,,,,
,,,,,,,,,,^........(...)....#,,,,
,,,,,,,,,,..................#,,,,
,,,,,,,,,*####......>.......##+##


You could see a catoblepas.

Vanquished Creatures
  The ghost of omer1ben the Arsonist, a journeyman DrFE of Vehumet (D:11)
  A minotaur (Gauntlet)
  2 hydras
  3 two-headed ogres
  A death scarab (Gauntlet)
  2 unseen horrors
  A spectral hydra (Gauntlet)
  A wolf spider zombie (D:13)
  A cyclops (D:12)
  A deep elf pyromancer (D:10)
  A manticore (D:11)
  A moth of wrath (Gauntlet)
  2 ugly things
  A gargoyle (D:12)
  2 minotaur zombies (Gauntlet)
  A kobold demonologist (D:10)
  4 trolls
  A tyrant leech (Gauntlet)
  8 slime creatures
  4 wraiths
  A vampire (D:13)
  5 wyverns
  Eustachio (D:4)
  2 basilisks (D:9)
  9 yaks
  2 steam dragons
  2 swamp worms (Gauntlet)
  A warg (D:9)
  A water moccasin (D:9)
  10 orc warriors
  A soldier ant (D:10)
  A necrophage (D:11)
  4 black bears
  2 eyes of draining
  6 ice beasts
  A sky beast (D:7)
  7 wolves
  11 centaurs
  6 ogres
  4 phantoms
  An elf zombie (Ossuary)
  3 kobold brigands
  A wyvern zombie (D:8)
  12 bullfrogs
  A gnoll sergeant (D:7)
  3 scorpions
  A killer bee (D:10)
  21 wights
  7 howler monkeys
  3 bullfrog zombies
  5 jellies
  A quasit (D:9)
  A centaur zombie (D:12)
  10 orc priests
  6 hounds
  A bullfrog skeleton (D:5)
  6 centaur skeletons
  3 human skeletons (D:4)
  Terence (D:2)
  8 iguanas
  14 orc wizards
  11 worker ants
  A bullfrog simulacrum (D:11)
  4 hound zombies
  A hound skeleton (D:9)
  4 mummies (Ossuary)
  4 gnolls (D:6)
  12 adders
  5 white imps
  A worker ant simulacrum (D:11)
  2 ufetubi
  2 oozes
  2 adder zombies
  4 adder skeletons
  3 worms (D:4)
  A dart slug (D:4)
  3 leopard geckos
  69 orcs
  7 bats
  6 giant cockroaches
  7 goblins
  8 hobgoblins
  3 jackals (D:2)
  18 kobolds
  3 quokkas
  A ball python (D:1)
  A ball python skeleton (D:4)
  4 frilled lizards
  3 gnoll zombies (Ossuary)
  3 goblin zombies (Ossuary)
  A hobgoblin zombie (Ossuary)
  A kobold zombie (Ossuary)
  2 orc skeletons (D:4)
  An orc zombie (D:4)
  A quokka skeleton (D:5)
  3 rats
427 creatures vanquished.

Vanquished Creatures (collateral kills)
  3 gnolls (D:6)
3 creatures vanquished.

Vanquished Creatures (others)
  A bullfrog (D:12)
  6 fungi
  29 plants
36 creatures vanquished.

Grand Total: 466 creatures vanquished

Notes
Turn   | Place    | Note
-------+----------+-------------------------------------------
     0 | D:1      | Venetas the Gargoyle Earth Elementalist began the quest for
                  | the Orb.
     0 | D:1      | Reached XP level 1. HP: 10/10 MP: 3/3
   358 | D:1      | Reached skill level 4 in Earth Magic
   358 | D:1      | Reached XP level 2. HP: 15/15 MP: 3/5
   737 | D:1      | Reached XP level 3. HP: 18/19 MP: 6/6
   743 | D:1      | Learned a level 3 spell: Stone Arrow
  1845 | D:2      | Noticed Terence
  1848 | D:2      | Killed Terence
  1849 | D:2      | Reached skill level 1 in Conjurations
  1849 | D:2      | Reached XP level 4. HP: 24/24 MP: 3/8
  2858 | D:3      | Reached skill level 5 in Earth Magic
  2858 | D:3      | Reached XP level 5. HP: 28/28 MP: 6/10
  3063 | D:4      | Noticed Eustachio
  3196 | D:4      | Reached XP level 6. HP: 21/32 MP: 0/11
  3228 | D:4      | Found a staircase to the Ecumenical Temple.
  3324 | D:4      | Found a sand-covered staircase.
  3329 | Ossuary  | Entered an ossuary
  3341 | Ossuary  | Reached skill level 6 in Earth Magic
  3851 | Ossuary  | Reached XP level 7. HP: 35/36 MP: 11/13
  3857 | Ossuary  | Learned a level 5 spell: Lee's Rapid Deconstruction
  4423 | D:4      | Killed Eustachio
  4594 | Temple   | Entered the Ecumenical Temple
  4748 | Temple   | Became a worshipper of Vehumet
  4826 | D:4      | Reached skill level 1 in Armour
  5145 | D:5      | Entered Level 5 of the Dungeon
  5164 | D:5      | Found an ancient bone altar of Kikubaaqudgha.
  5164 | D:5      | Found a sacrificial altar of Ru.
  5341 | D:5      | Reached skill level 1 in Fighting
  5341 | D:5      | Reached skill level 1 in Maces & Flails
  5341 | D:5      | Reached skill level 7 in Earth Magic
  5341 | D:5      | Reached XP level 8. HP: 34/43 MP: 15/15
  5676 | D:5      | Reached skill level 5 in Spellcasting
  5894 | D:5      | Found a sparkling altar of Nemelex Xobeh.
  5895 | D:5      | Found an ornate altar of the Wu Jian Council.
  6247 | D:6      | Reached skill level 5 in Conjurations
  6605 | D:6      | Reached * piety under Vehumet
  6605 | D:6      | Offered knowledge of Magic Dart by Vehumet.
  7009 | D:6      | Reached XP level 9. HP: 39/49 MP: 17/17
  7961 | D:7      | Reached skill level 8 in Earth Magic
  7965 | D:6      | Offered knowledge of Freeze by Vehumet.
  7974 | D:6      | Reached ** piety under Vehumet
  9464 | D:8      | Offered knowledge of Frozen Ramparts by Vehumet.
  9769 | D:8      | Reached *** piety under Vehumet
  9902 | D:8      | Reached XP level 10. HP: 58/58 MP: 19/19
 10200 | D:8      | Found a transporter.
 10202 | D:8      | Noticed Sickboy's ghost (novice MiFi)
 10210 | D:8      | Found a transporter.
 10699 | D:9      | Offered knowledge of Conjure Flame by Vehumet.
 10924 | D:9      | Found a staircase to the Orcish Mines.
 10977 | D:9      | Found a burning altar of Makhleb.
 10977 | D:9      | Found a glowing silver altar of Zin.
 10978 | D:9      | Noticed an angel
 10978 | D:9      | Noticed an Executioner
 11365 | D:9      | Reached skill level 5 in Fighting
 11365 | D:9      | Reached skill level 5 in Armour
 11367 | D:9      | Reached skill level 9 in Earth Magic
 11653 | D:9      | Reached **** piety under Vehumet
 11878 | D:9      | Found a staircase to the Lair.
 12114 | D:9      | Offered knowledge of Lightning Bolt by Vehumet.
 12155 | D:9      | Reached skill level 5 in Maces & Flails
 12855 | D:10     | Entered Level 10 of the Dungeon
 12857 | D:10     | Noticed a two-headed ogre
 12862 | D:10     | Killed a two-headed ogre
 12863 | D:10     | Reached XP level 11. HP: 64/64 MP: 8/21
 13302 | D:10     | Identified the +3 leather armour of Ru's Indignation {rF+
                  | rC+ Dex+6}
 13813 | D:10     | Reached skill level 5 in Dodging
 13889 | D:10     | Noticed a deep elf pyromancer
 13891 | D:10     | Killed a deep elf pyromancer
 14162 | D:10     | Found a sacrificial altar of Ru.
 14164 | D:10     | Reached skill level 1 in Evocations
 14169 | D:10     | Reached skill level 10 in Earth Magic
 14344 | D:10     | Noticed an eight-headed hydra
 14350 | D:10     | Killed an eight-headed hydra
 14505 | D:10     | Gained mutation: You tend to lose your temper in combat.
                  | [potion of mutation]
 14505 | D:10     | Gained mutation: You have a pair of small antennae on your
                  | head. [potion of mutation]
 14690 | D:11     | Noticed a manticore
 14698 | D:11     | Killed a manticore
 14777 | D:11     | Found a runed translucent gate.
 14777 | D:11     | Found a runed translucent gate.
 14777 | D:11     | Found a runed translucent gate.
 14871 | D:11     | Reached ***** piety under Vehumet
 15054 | D:11     | Offered knowledge of Orb of Destruction by Vehumet.
 15297 | D:11     | Reached XP level 12. HP: 71/71 MP: 20/23
 15641 | D:11     | Noticed omer1ben's ghost (journeyman DrFE)
 16222 | D:11     | Killed omer1ben's ghost
 16454 | D:11     | Identified the ring of Vanity {Fire Str+4 Int-3}
 16800 | D:12     | Noticed a two-headed ogre
 16805 | D:12     | Killed a two-headed ogre
 17133 | D:12     | Noticed a four-headed hydra
 17138 | D:12     | Killed a four-headed hydra
 17147 | D:12     | Learned a level 7 spell: Orb of Destruction
 17443 | D:12     | Noticed a two-headed ogre
 17623 | D:12     | Killed a two-headed ogre
 17624 | D:12     | Reached skill level 11 in Earth Magic
 18277 | D:13     | Found a gate leading to a gauntlet.
 18292 | Gauntlet | Entered a Gauntlet
 18292 | Gauntlet | Found a transporter.
 18292 | Gauntlet | Found a transporter.
 18292 | Gauntlet | Found a transporter.
 18292 | Gauntlet | Noticed a death scarab
 18293 | Gauntlet | Noticed a death scarab
 18407 | Gauntlet | Found a transporter.
 18412 | Gauntlet | Found a transporter.
 18415 | Gauntlet | Found a transporter.
 18418 | Gauntlet | Found a transporter.
 18426 | Gauntlet | Found a transporter.
 18427 | Gauntlet | Found the +8 frozen axe "Frostbite" {freezing cloud, *Noise
                  | +Fly rC+}
 18444 | Gauntlet | Found a transporter.
 18461 | Gauntlet | Found a transporter.
 18464 | Gauntlet | Found a transporter.
 18476 | Gauntlet | Found a transporter.
 18563 | Gauntlet | Killed a death scarab
 18567 | Gauntlet | Reached XP level 13. HP: 72/78 MP: 5/25
 18800 | Gauntlet | Offered knowledge of Sticky Flame by Vehumet.
 18808 | Gauntlet | Identified the amulet "Uczuomou" {rF+ Regen+ Slay+3}
 18835 | Gauntlet | Identified the ring "Nitsirr" {rElec rC- MP+9 Dex+3 SInv}
 18835 | Gauntlet | Noticed a minotaur
 18842 | Gauntlet | Killed a minotaur
 19363 | D:13     | Reached skill level 5 in Evocations
 19373 | D:13     | Killed from afar by a catoblepas

Illustrated notes

Levels and vault maps discovered:
D:1:      minmay_arrival_glassed_features, layout_loops_ring
D:2:      layout_loops_ring, minmay_misc_feat_chi, eino_curves_04,
          minmay_misc_feat_plants, serial_bayou_pond_c, uniq_terence
D:3:      layout_basic, hex_large
D:4:      layout_rooms, minmay_temple_entry_slanted,
          nicolae_ossuary_entry_catacombs, uniq_eustachio
D:5:      layout_cave_pods, chequers_temple_overflow_statue_of_worship,
          gammafunk_temple_overflow_statue
D:6:      layout_loops_ring
D:7:      layout_cave_pools, amcnicky_mini_pool_small
D:8:      layout_loops_ring, gammafunk_ghost_stat_death
D:9:      layout_basic, grunt_temple_overflow_order_and_chaos_2,
          minmay_lair_entry_grove, erik_orc_3, kennysheep_generic_room_12
D:10:     layout_irregular_city, basic_altar, hangedman_decor_peaks_small,
          minmay_joined_circles
D:11:     layout_loops_ring, gammafunk_ghost_icy
D:12:     layout_gridville, lemuel_flame_loot_1
D:13:     layout_irregular_city, gauntlet_entry_generic
Temple:   lightli_temple_of_artemis

Skill      XL: |  1  2  3  4  5  6  7  8  9 10 11 12 13 |
---------------+----------------------------------------+-----
Earth Magic    | 4 5 6 7 8 9 10 11 | 11.6
Conjurations   | 1 2 3 4 5 6 7 8 9 |  9.9
Spellcasting   | 3 4 5 6 7 8 |  8.9
Armour         | 1 2 4 5 6 |  6.0
Fighting       | 1 2 4 5 6 8 |  8.7
Maces & Flails | 1 2 3 5 6 7 8 |  8.0
Dodging        | 2 3 4 5 6 |  6.8
Evocations     | 2 4 5 |  5.0
Stealth        | |  2.1
Transmutations | |  0.7

Action                   |  1- 3 |  4- 6 |  7- 9 | 10-12 | 13-15 || total
-------------------------+-------+-------+-------+-------+-------++-------
Melee: Club              |    90 |       |       |       |       ||    90
       Mace              |       |    59 |       |       |       ||    59
       Short sword       |       |    64 |    82 |       |       ||   146
       Falchion          |       |       |   259 |   462 |    47 ||   768
 Cast: Sandblast         |    19 |    68 |    13 |    27 |     7 ||   134
       Stone Arrow       |     1 |       |    28 |    76 |    15 ||   120
       Lee's Rapid Decon |       |       |     7 |    53 |    26 ||    86
       Orb of Destructio |       |       |       |     1 |       ||     1
Evoke: Wand              |       |       |       |       |     5 ||     5
  Use: Scroll            |     2 |     4 |    12 |     8 |       ||    26
       Potion            |       |     7 |     2 |     4 |     3 ||    16
 Stab: Sleeping          |     2 |     2 |     5 |     2 |       ||    11
       Invisible         |       |       |       |       |     2 ||     2
       Distracted        |       |       |       |       |     1 ||     1
Armor: Robe              |    51 |   118 |   152 |    98 |       ||   419
       Leather armour    |       |       |       |   190 |    69 ||   259
Dodge: Dodged            |    94 |   166 |   274 |   404 |   108 ||  1046
       Rpst.: Falchion   |       |       |    70 |   113 |    24 ||   207

Table legend: (Time is in decaauts)
 A = Elapsed time spent in this place.
 B = Non-inter-level travel time spent in this place.
 C = Inter-level travel time spent in this place.
 D = Time resting spent in this place.
 E = Time spent auto-exploring this place.
 F = Levels seen in this place.
 G = Mean time per level.
                   A        B        C        D        E       F      G
               +--------+--------+--------+--------+--------+-----+--------+
         Total |  19699 |  19145 |    554 |   3527 |  11777 |  16 | 1231.2 |
       Dungeon |  18178 |  17638 |    540 |   2831 |  11367 |  13 | 1398.3 |
        Temple |    168 |    154 |     14 |      0 |    142 |   1 |  168.0 |
       Ossuary |    634 |    634 |      0 |    383 |     14 |   1 |  634.0 |
      Gauntlet |    718 |    718 |      0 |    313 |    254 |   1 |  718.0 |
               +--------+--------+--------+--------+--------+-----+--------+

Top non-repeatable levels by time:
     D:9: 2574 daAuts
     D:6: 2317 daAuts
    D:11: 1849 daAuts
    D:12: 1803 daAuts
    D:10: 1696 daAuts
     D:1: 1574 daAuts
     D:4: 1287 daAuts
     D:8: 1134 daAuts
     D:5: 1099 daAuts
     D:3: 900 daAuts
     D:7: 872 daAuts
Gauntlet: 718 daAuts
     D:2: 651 daAuts
 Ossuary: 634 daAuts
    D:13: 416 daAuts
